 Dungeon Crawl Stone Soup version 0.27-a0-498-g7ecbb0a48f (webtiles) character file.

Game seed: 13162550835316639801

1 siradein the Charlatan (level 1, -3/15 HPs)
             Began as a Demonspawn Artificer on Mar 3, 2021.
             Slain by a kobold
             ... wielding a +1 vampiric whip
              (6 damage)
             ... on level 1 of the Dungeon.
             The game lasted 00:00:35 (102 turns).

siradein the Charlatan (Demonspawn Artificer)        Turns: 102, Time: 00:00:36

Health: -3/15      AC:  3    Str: 12    XL:     1   Next: 16%
Magic:  1/1        EV: 11    Int: 12    God:
Gold:   0          SH:  0    Dex: 13    Spells: 0/0 levels left

rFire    . . .     SeeInvis .   g - +0 mace
rCold    . . .     Faith    .   (no shield)
rNeg     . . .     Spirit   .   b - +0 leather armour
rPois    .         Reflect  .   (no helmet)
rElec    .         Harm     .   (no cloak)
rCorr    .         Rampage  .   (no gloves)
Will     .....                  (no boots)
Stlth    +.........             (no amulet)
HPRegen  0.05/turn              (no ring)
MPRegen  0.07/turn              (no ring)

@: no status effects
A: no striking features
a: no special abilities


You were on level 1 of the Dungeon.
You visited 1 branch of the dungeon, and saw 1 of its levels.

Inventory:

Hand Weapons
 g - a +0 mace (weapon)
Missiles
 f - 11 arrows
 h - 25 sling bullets
Armour
 b - a +0 leather armour (worn)
Wands
 c - a wand of flame (15) (quivered)
 d - a wand of charming (15)
 e - a wand of random effects (15)


   Skills:
 - Level 1.0 Fighting
 + Level 0.1 Maces & Flails
 - Level 1.7 Armour
 - Level 0.8 Dodging
 - Level 0.8 Stealth
 + Level 3.0 Evocations


You couldn't memorise any spells.
You didn't know any spells.
Your spell library was empty.

Dungeon Overview and Level Annotations

Branches:
Dungeon (1/15)

Altars:


Message History

The bat hits you but does no damage.
You hit the bat.
The bat is moderately wounded.
The bat hits you but does no damage. The bat misses you.
The bat hits you but does no damage.
You barely miss the bat. The bat barely misses you. The bat closely misses you.
The bat hits you but does no damage.
You hit the bat.
You kill the bat!
You see here a bat corpse.
HP restored.
Found 25 sling bullets and a mace.
A goblin comes into view.
The goblin shouts!
Found a glowing dagger.
You see here a +0 mace.
g - a +0 mace You see here 25 sling bullets.
h - 25 sling bullets
g - a +0 mace (weapon)
Drop what? 8/52 slots (_ for help) (? for menu, Esc to quit)
You drop a +0 club.
The goblin hits you.
You closely miss the goblin. The goblin closely misses you.
You thump the goblin!
You kill the goblin!
A kobold comes into view. It is wielding a +1 vampiric whip.
The kobold shouts!
The kobold hits you with a +1 vampiric whip.
Found a stone staircase leading down.
You closely miss the kobold.
The kobold hits you with a +1 vampiric whip.
You closely miss the kobold. The kobold barely misses you.
The kobold hits you with a +1 vampiric whip.
You closely miss the kobold.
The kobold hits you with a +1 vampiric whip!
* * * LOW HITPOINT WARNING * * *
You closely miss the kobold.
The kobold hits you with a +1 vampiric whip.
You die...

# .### .....
>#..# ....
#..# .#.)#
.#.K# ##.#.@#
#..#..#
#..#..#
.#######.##..#
.............#
######......)#
..#
#.#.........#
# ##.#
#†#.###.#..##
.##...# #.#.#
#.#...#


You could see a kobold.

Vanquished Creatures
  A bat (D:1)
  A goblin (D:1)
2 creatures vanquished.

Notes
Turn   | Place    | Note
-------+----------+-------------------------------------------
     0 | D:1      | siradein the Demonspawn Artificer began the quest for the
                  | Orb.
     0 | D:1      | Reached XP level 1. HP: 15/15 MP: 1/1
   102 | D:1      | Slain by a kobold

Illustrated notes

Levels and vault maps discovered:
D:1:      dpeg_arrival_brainrot, layout_basic, grunt_decor_arrowhead,
          chequers_decorated_corner, minmay_misc_feat_diagonals

Action                   || total
-------------------------++-------
Melee: Club              ||     6
       Mace              ||     6
Armor: Leather armour    ||     6
Dodge: Dodged            ||     9

Table legend: (Time is in decaauts)
 A = Elapsed time spent in this place.
 B = Non-inter-level travel time spent in this place.
 C = Inter-level travel time spent in this place.
 D = Time resting spent in this place.
 E = Time spent auto-exploring this place.
 F = Levels seen in this place.
 G = Mean time per level.
                   A        B        C        D        E       F      G
               +--------+--------+--------+--------+--------+-----+--------+
         Total |    105 |    105 |      0 |      0 |     62 |   1 |  105.0 |
       Dungeon |    105 |    105 |      0 |      0 |     62 |   1 |  105.0 |
               +--------+--------+--------+--------+--------+-----+--------+

Top non-repeatable levels by time:
     D:1: 105 daAuts
